 Dungeon Crawl Stone Soup version bcrawl-1.12.2 (webtiles) character file.

Game seed: 2986272241160243873

69 Ebbett the Grasshopper (level 4, 0/34 HPs)
             Began as a Human Warper on July 24, 2019.
             Slain by an orc priest
             ... wielding a +1 flail of crushing
              (6 damage)
             ... on level 3 of the Dungeon.
             The game lasted 00:04:53 (2252 turns).

Ebbett the Grasshopper (Human Warper)               Turns: 2252, Time: 00:04:54

Health: 0/34       AC:  2    Str: 11    XL:     4   Next: 42%
Magic:  5/5        EV: 13    Int: 14    God:
Gold:   101        SH:  0    Dex: 13    Spells: 2/5 levels left

rFire    . . .     SeeInvis .   a - +0 hand crossbow
rCold    . . .     Gourm    .   (no shield)
rNeg     . . .     Faith    .   c - +0 robe
rPois    .         Spirit   .   (no helmet)
rElec    .         Reflect  .   (no cloak)
rCorr    .         Harm     .   (no gloves)
MR       .....                  (no boots)
Stlth    +.........             (no amulet)
HPRegen  0.11/turn              (no ring)
MPRegen  0.09/turn              (no ring)

@: no status effects
A: no striking features
a: no special abilities


You were on level 3 of the Dungeon.
You were very hungry.

You visited 1 branch of the dungeon, and saw 3 of its levels.

You collected 101 gold pieces.

Inventory:

Hand Weapons
 a - a +0 hand crossbow (weapon)
 b - a +0 dagger
Missiles
 f - 401 bolts (quivered)
Armour
 c - a +0 robe (worn)
 p - a +0 shield
Scrolls
 e - 2 scrolls of blinking
 j - 2 scrolls of remove curse {unknown}
 k - a scroll of teleportation {unknown}
 m - a scroll of fog {unknown}
 o - a scroll of immolation {unknown}
 r - 2 scrolls of identify {unknown}
 s - a scroll of enchant weapon {unknown}
 u - a scroll of fear {unknown}
Potions
 d - 3 potions of curing {unknown}
 h - 2 potions of berserk rage {unknown}
 i - 3 potions of brilliance {unknown}
 l - a potion of haste {unknown}
 n - a potion of flight {unknown}
 q - a potion of lignification {unknown}
 t - 2 potions of might {unknown}
Comestibles
 g - 4 rations {!d}


   Skills:
 + Level 2.4 Fighting
 + Level 3.3 Crossbows
 + Level 2.9 Dodging
 + Level 1.1 Spellcasting
 + Level 3.8 Translocations


You had 2 spell levels left.
You knew the following spells:

 Your Spells              Type           Power        Failure   Level  Hunger
a - Blink Other           Tloc           ##....       5%          1    ##.....
b - Blink                 Tloc           N/A          8%          2    ###....

Your spell library contained the following spells:

 Spells                   Type           Power        Failure   Level  Hunger
 Portal Projectile        Tloc           ##....       16%         3    ####...
 Teleport Other           Tloc           ##......     16%         3    ####...
 Passage of Golubria      Tloc           N/A          82%         5    ######.


Dungeon Overview and Level Annotations

Branches:
Dungeon (3/12)

Altars:
Vehumet
The Shining One


Message History

You shoot a bolt.
The bolt hits the jackal but does no damage.
The jackal is moderately wounded.
The jackal misses you. The jackal bites you.
The jackal bites you but does no damage.
The jackal bites you.
The jackal bites you but does no damage.
The jackal misses you. The orc barely misses you.
Firing (i - inventory)
f - 402 bolts (quivered)
Press: ? - help, Shift-Dir - straight line, f/p - jackal
Aim: a jackal (moderately wounded)
You shoot a bolt. The bolt hits the jackal.
The jackal is almost dead.
The jackal barely misses you. The jackal bites you. x2
A frilled lizard comes into view.
The orc hits you with a +0 dagger!
* * * LOW HITPOINT WARNING * * *
The orc barely misses you.
The orc priest hits you with a +1 flail of crushing.
You die...

########### .
#.........#
...###.........#
#...h........#
#†..h@o..<...#
......hoo......#
######.........#
#.######### #.
#. l. ..


You could see an orc priest, 2 orcs, 3 jackals and a frilled lizard (wandering).

Vanquished Creatures
  3 dart slugs
  8 leopard geckos
  3 giant cockroaches
  5 hobgoblins
  11 jackals
  5 kobolds
  A ball python (D:1)
  4 bats
  2 frilled lizards
  4 goblins (D:1)
  3 rats (D:1)
49 creatures vanquished.

Notes
Turn   | Place    | Note
-------+----------+-------------------------------------------
     0 | D:1      | Ebbett the Human Warper began the quest for the Orb.
     0 | D:1      | Reached XP level 1. HP: 16/16 MP: 2/2
    56 | D:1      | Reached XP level 2. HP: 8/22 MP: 3/3
   604 | D:1      | Reached XP level 3. HP: 26/27 MP: 4/4
  1247 | D:2      | HP: 1/28 [jackal (1)]
  1606 | D:2      | Reached XP level 4. HP: 34/34 MP: 5/5
  1648 | D:2      | Found a radiant altar of Vehumet.
  1883 | D:2      | Learned a level 2 spell: Blink
  2095 | D:2      | Found a glowing golden altar of the Shining One.
  2252 | D:3      | Slain by an orc priest

Skill      XL: |  1  2  3  4 |
---------------+-------------+-----
Crossbows      | 3 |  3.3
Fighting       | |  2.4
Dodging        | |  2.9
Spellcasting   | |  1.1
Translocations | |  3.8

Action                   |  1- 3 |  4- 6 || total
-------------------------+-------+-------++-------
 Fire: Hand crossbow     |    73 |    28 ||   101
 Cast: Blink Other       |     5 |     3 ||     8
       Blink             |       |     2 ||     2
  Eat: Ration            |     1 |       ||     1
Armor: Robe              |    30 |     3 ||    33
Dodge: Dodged            |    77 |    26 ||   103
